 Dungeon Crawl Stone Soup version 0.22.0-5-gf09313c (webtiles) character file.

27789 Lew the Fighter (level 13, -2/88 HPs)
             Began as a Gargoyle Fighter on Aug 13, 2018.
             Slain by a 15-headed hydra (3 damage)
             ... on level 4 of the Lair of Beasts.
             The game lasted 00:55:11 (13421 turns).

Lew the Fighter (Gargoyle Fighter)                 Turns: 13421, Time: 00:55:13

Health: -2/88      AC: 28    Str: 28    XL:     13   Next: 34%
Magic:  13/13      EV: 10    Int:  9    God:
Gold:   551        SH: 15    Dex: 13    Spells: 12/12 levels left

rFire    + . .     SeeInvis .   B - +5 war axe (elec)
rCold    + . .     Gourm    .   c - +0 shield
rNeg     + . .     Faith    .   l - +0 fire dragon scales
rPois    ∞         Spirit   .   v - +0 helmet
rElec    +         Reflect  +   (no cloak)
rCorr    .         Harm     .   F - +2 pair of gloves
MR       +....                  w - +0 pair of boots
Stlth    ..........             h - +2 amulet of reflection
HPRegen  0.24/turn              z - ring of protection from magic
MPRegen  0.13/turn              r - ring of ice

@: mighty
A: cold resistance 1, negative energy resistance 1, electricity resistance,
strong 1, unbreathing, petrification resistance, rot immunity, AC +9
a: no special abilities


You were on level 4 of the Lair of Beasts.
You were not hungry.

You visited 3 branches of the dungeon, and saw 15 of its levels.
You visited the Abyss 1 time.

You collected 749 gold pieces.
You spent 198 gold pieces at shops.

Inventory:

Hand Weapons
 a - a +1 war axe
 q - the +9 quarterstaff of Yredelemnul's Scorn {venom, Dex+2}
   (You found it on level 4 of the Dungeon)

   It poisons the flesh of those it strikes.
   It affects your dexterity (+2).
 B - a +5 war axe of electrocution (weapon)
Missiles
 m - a throwing net (quivered)
Armour
 c - a +0 shield (worn)
 l - +0 fire dragon scales (worn)
 n - a +0 troll leather armour
 v - a +0 helmet (worn)
 w - a +0 pair of boots (worn)
 F - a +2 pair of gloves (worn)
Jewellery
 h - a +2 amulet of reflection (around neck)
 k - an uncursed ring of positive energy
 r - a ring of ice (right hand)
 u - an uncursed ring of stealth
 z - a ring of protection from magic (left hand)
Wands
 b - a wand of flame (14)
 d - a wand of paralysis (6)
 o - a wand of polymorph (31)
 x - a wand of acid (15)
 y - a wand of digging (21)
Scrolls
 e - 2 scrolls of amnesia
 j - 5 scrolls of remove curse
 s - 4 scrolls of identify
 C - 3 scrolls of teleportation
 E - a scroll of magic mapping
Potions
 g - 4 potions of flight
 i - 4 potions of curing
 t - 3 potions of brilliance
Miscellaneous
 p - a sack of spiders
 A - a lamp of fire
Comestibles
 f - 19 rations


   Skills:
 + Level 13.0 Fighting
 + Level 11.8 Axes
 + Level 11.1 Armour
 + Level 2.1 Dodging
 + Level 11.1 Shields


You had 12 spell levels left.
You didn't know any spells.
Your spell library contained the following spells:

 Spells                   Type           Power        Failure   Level  Hunger
 Cause Fear               Hex            #.........   100%        4    #####..
 Magic Dart               Conj           #...         82%         1    ##.....
 Animate Dead             Necr           N/A          100%        4    #####..
 Pain                     Necr           #...         82%         1    ##.....
 Animate Skeleton         Necr           N/A          82%         1    ##.....
 Vampiric Draining        Necr           #.........   99%         3    ####...
 Regeneration             Chrm/Necr      #.........   99%         3    ####...
 Deflect Missiles         Chrm/Air       #.........   100%        6    #######
 Silence                  Hex/Air        #.........   100%        5    ######.
 Discord                  Hex            #.........   100%        8    #######
 Yara's Violent Unravell  Hex/Tmut       #.........   100%        5    ######.


Dungeon Overview and Level Annotations

Branches:
Dungeon (10/15)            Temple (1/1) D:4            Lair (4/6) D:8
 Spider (0/4) Lair:3
  Swamp: Lair:2-4    Shoals: Lair:2-4       Orc: D:9-12

Altars:
Ashenzari
Cheibriados
Dithmenos
Elyvilon
Fedhas
Gozag
Hepliaklqana
Kikubaaqudgha
Makhleb
Nemelex Xobeh
Okawaru
Qazlal
Ru
Sif Muna
Trog
Uskayaw
Vehumet
Wu Jian
Xom
Yredelemnul
Zin
The Shining One

Shops:
D:4 [


Innate Abilities, Weirdness & Mutations

You are resistant to torment.
Your stone body is resilient. (AC +9)
You are immune to poison.
You resist negative energy. (rN+)
You are resistant to electric shocks. (rElec)
You can survive without breathing.
You are immune to petrification.
You are immune to rotting.
Your flesh is cold resistant. (rC+)
Your muscles are strong. (Str +2)


Message History

* * * LOW HITPOINT WARNING * * *
The 15-headed hydra bites you but does no damage.
The 15-headed hydra bites you.
* * * LOW HITPOINT WARNING * * *
The 15-headed hydra bites you but does no damage.
You block the 15-headed hydra's attack. x2
The 15-headed hydra bites you but does no damage.
The 15-headed hydra closely misses you.
The 15-headed hydra bites you but does no damage. x2
The 15-headed hydra bites you.
* * * LOW HITPOINT WARNING * * *
The spiny frog stings you!
* * * LOW HITPOINT WARNING * * *
You feel very mighty all of a sudden.
The spiny frog stings you but does no damage.
The 15-headed hydra bites you but does no damage. x2
The 15-headed hydra closely misses you. The 15-headed hydra bites you.
* * * LOW HITPOINT WARNING * * *
The 15-headed hydra bites you.
You die...

... ......≈≈≈P≈≈≈≈≈P≈≈.
....##....#≈≈PP≈≈PP≈P≈≈.
(...........≈≈≈≈P≈≈≈≈≈≈P
....... #..≈≈†≈≈.≈≈≈≈≈≈
≈...#.. #P.≈.≈....≈.≈≈#
≈......####.............
≈≈..P....##.............
≈...#P..........#.#P..#
. #.@............PP.#
#DF#####...........
...... ######......
......+# ####...
..#...#%# #.## # #...#.#
#.## ....#.# #..#
..#....# ###.#. #...##


You could see a 15-headed hydra and a spiny frog.

Vanquished Creatures
  A tentacled starspawn (Abyss:2)
  An ettin (D:9)
  A fire dragon (D:9)
  A hydra (Lair:3)
  Erolcha (D:9)
  A centaur warrior (D:9)
  A deep troll earth mage (D:9)
  A death drake (Abyss:2)
  A large abomination (Abyss:2)
  Joseph (D:7)
  3 black mambas
  2 smoke demons (Abyss:2)
  2 spiny frogs
  3 rime drakes
  7 komodo dragons
  An ancient zyme (Abyss:2)
  A troll (D:9)
  A queen bee (Lair:2)
  3 polar bears
  Prince Ribbit (D:8)
  3 hippogriffs
  A meliai zombie (D:10)
  A wyvern (D:9)
  2 basilisks (Lair:3)
  2 hungry ghosts
  A human (D:7)
  Grum (D:8)
  2 hogs (D:7)
  29 yaks
  11 water moccasins
  Duvessa (D:4)
  A black bear (D:6)
  7 porcupines
  3 orc warriors
  2 sky beasts (D:9)
  5 necrophages (D:8)
  2 ice beasts
  2 phantoms
  A hornet zombie (D:8)
  4 ogres
  6 wolves
  4 centaurs
  A small abomination (Abyss:2)
  4 crocodiles
  2 big kobolds
  Blork the orc (D:3)
  6 bullfrogs
  A gnoll sergeant (D:7)
  Dowan (D:4)
  4 scorpions
  21 killer bees
  5 howler monkeys
  An electric eel (D:7)
  A bullfrog zombie (D:7)
  4 crimson imps
  A quasit (Abyss:2)
  A centaur zombie (D:10)
  An iron imp (Abyss:2)
  4 hounds
  3 bullfrog skeletons
  A centaur skeleton (D:4)
  6 orc priests
  5 worker ants
  5 iguanas
  9 orc wizards
  A killer bee zombie (D:9)
  3 worker ant zombies
  Robin (D:4)
  6 gnolls
  10 adders
  A shadow imp (D:9)
  4 white imps
  An ufetubus (D:9)
  An ooze (D:5)
  An adder zombie (D:7)
  3 adder skeletons
  4 worms
  A dart slug (D:2)
  3 leopard geckos
  29 orcs
  7 giant cockroaches
  2 gnoll zombies (D:9)
  9 goblins
  10 hobgoblins
  9 jackals
  5 quokkas
  A ball python zombie (D:5)
  6 bats
  3 frilled lizards
  A jackal zombie (D:5)
  20 kobolds
  A leopard gecko skeleton (D:5)
  A quokka zombie (D:8)
  6 rats
  2 bushes (D:8)
  2 fungi (Lair:3)
  A plant (Lair:1)
368 creatures vanquished.

Vanquished Creatures (others)
  A gnoll (D:4)
  3 fungi
  11 plants (D:8)
  2 starspawn tentacles (Abyss:2)
17 creatures vanquished.

Grand Total: 385 creatures vanquished

Notes
Turn   | Place    | Note
-------+----------+-------------------------------------------
     0 | D:1      | Lew the Gargoyle Fighter began the quest for the Orb.
     0 | D:1      | Reached XP level 1. HP: 14/14 MP: 1/1
   249 | D:1      | Reached XP level 2. HP: 17/20 MP: 2/2
   392 | D:1      | Reached skill level 4 in Fighting
   794 | D:2      | Reached XP level 3. HP: 24/24 MP: 3/3
   990 | D:2      | Found an ancient bone altar of Kikubaaqudgha.
  1023 | D:2      | Found an ornate altar of the Wu Jian Council.
  1117 | D:2      | Found a deep blue altar of Sif Muna.
  1119 | D:2      | Found a radiant altar of Vehumet.
  1124 | D:2      | Reached skill level 5 in Fighting
  1124 | D:2      | Reached XP level 4. HP: 28/31 MP: 4/4
  1134 | D:2      | Identified Vehumet's Disquisition on Combat Magic
  1509 | D:3      | Reached skill level 6 in Fighting
  1513 | D:3      | Reached XP level 5. HP: 24/36 MP: 5/5
  2079 | D:4      | Reached skill level 7 in Fighting
  2226 | D:4      | Reached XP level 6. HP: 44/44 MP: 6/6
  2277 | D:4      | Got a warped quarterstaff
  2281 | D:4      | Noticed Blork the orc
  2284 | D:4      | Paralysed by a gnoll for 5 turns
  2294 | D:3      | Killed Blork the orc
  2486 | D:3      | Gained mutation: Your muscles are strong. (Str +2) [potion of mutation]
  2486 | D:3      | Gained mutation: Your flesh is cold resistant. (rC+) [potion of mutation]
  2511 | D:4      | Reached XP level 7. HP: 33/48 MP: 7/7
  2739 | D:4      | Noticed Dowan
  2739 | D:4      | Noticed Duvessa
  2754 | D:4      | Killed Duvessa
  2756 | D:4      | Noticed a hungry ghost
  2757 | D:4      | Killed Dowan
  2784 | D:4      | Killed a hungry ghost
  2816 | D:4      | Noticed Robin
  2821 | D:4      | Reached XP level 8. HP: 53/54 MP: 8/8
  2834 | D:4      | Killed Robin
  2869 | D:4      | Found Viaguik's Antique Armour Shop.
  2890 | D:4      | Bought a helmet for 99 gold pieces
  3078 | D:4      | Found a staircase to the Ecumenical Temple.
  3134 | D:4      | Bought a pair of boots for 99 gold pieces
  3236 | D:4      | Found an iron altar of Okawaru.
  3310 | D:4      | Identified the +9 quarterstaff of Yredelemnul's Scorn {venom, Dex+2} (You found it on level 4 of the Dungeon)
  3363 | Temple   | Entered the Ecumenical Temple
  3553 | D:5      | Entered Level 5 of the Dungeon
  3573 | D:5      | Found an ornate altar of the Wu Jian Council.
  3588 | D:5      | Reached skill level 5 in Armour
  3589 | D:5      | Reached skill level 5 in Shields
  3654 | D:5      | Reached skill level 8 in Fighting
  3788 | D:5      | Found a stormy altar of Qazlal.
  3788 | D:5      | Found a snail-covered altar of Cheibriados.
  4031 | D:6      | Reached skill level 5 in Axes
  4650 | D:6      | Reached XP level 9. HP: 60/60 MP: 9/9
  4884 | D:7      | Found a shattered altar of Ashenzari.
  5078 | D:7      | Reached skill level 9 in Fighting
  5752 | D:7      | Found a shattered altar of Ashenzari.
  5757 | D:7      | Reached XP level 10. HP: 52/68 MP: 10/10
  5758 | D:7      | Reached skill level 10 in Fighting
  5935 | D:7      | Noticed Joseph
  5940 | D:7      | Killed Joseph
  6490 | D:8      | Noticed Prince Ribbit
  6498 | D:8      | Killed Prince Ribbit
  6559 | D:8      | Noticed Grum
  6565 | D:8      | Killed Grum
  6729 | D:8      | Found a white marble altar of Elyvilon.
  6848 | D:8      | Found a blossoming altar of Fedhas.
  6891 | D:8      | Found a sparkling altar of Nemelex Xobeh.
  7107 | D:8      | Found a shimmering altar of Xom.
  7415 | D:8      | Found a staircase to the Lair.
  7750 | D:9      | Reached XP level 11. HP: 73/73 MP: 11/11
  7809 | D:9      | Reached skill level 11 in Fighting
  7974 | D:9      | Found a basalt altar of Yredelemnul.
  8215 | D:9      | Found a runed door.
  8255 | D:9      | Noticed Erolcha
  8264 | D:9      | Cast into level 2 of the Abyss (Erolcha)
  8290 | Abyss:2  | Noticed a bone dragon
  8294 | Abyss:2  | Noticed a thrashing horror
  8297 | Abyss:2  | Noticed a thrashing horror
  8391 | Abyss:2  | Found a corrupted altar of Lugonu.
  8393 | Abyss:2  | Noticed a starcursed mass
  8456 | Abyss:2  | Noticed a tentacled starspawn
  8465 | Abyss:2  | Killed a tentacled starspawn
  8466 | Abyss:2  | Found a corrupted altar of Lugonu.
  8519 | Abyss:2  | Noticed a sixfirhy
  8616 | Abyss:2  | Noticed a spatial maelstrom
  8634 | Abyss:2  | Noticed a shining eye
  8818 | Abyss:2  | Found a corrupted altar of Lugonu.
  8841 | Abyss:2  | Noticed a large abomination
  8860 | Abyss:2  | Killed a large abomination
  8862 | Abyss:2  | Noticed a starcursed mass
  8913 | Abyss:2  | Noticed a large abomination
  8915 | Abyss:2  | Noticed a sun demon
  8921 | Abyss:2  | Noticed a worldbinder
  8923 | Abyss:2  | Noticed a wizard
  8924 | Abyss:2  | Found a basalt altar of Yredelemnul.
  9058 | Abyss:2  | Noticed a death drake
  9073 | Abyss:2  | Killed a death drake
  9091 | D:9      | Escaped the Abyss
  9097 | D:9      | Killed Erolcha
  9432 | D:9      | Found a glowing silver altar of Zin.
  9487 | D:9      | Noticed a fire dragon
  9488 | D:9      | Noticed a centaur warrior
  9497 | D:9      | HP: 5/114 [fire dragon (2)]
  9499 | D:9      | Killed a fire dragon
  9499 | D:9      | Reached skill level 10 in Axes
  9505 | D:9      | Killed a centaur warrior
  9505 | D:9      | Reached XP level 12. HP: 30/81 MP: 12/12
  9817 | D:9      | Noticed an ettin
  9817 | D:9      | Noticed a deep troll earth mage
  9821 | D:9      | Killed a deep troll earth mage
 10102 | D:9      | Killed an ettin
 10222 | D:10     | Entered Level 10 of the Dungeon
 10229 | D:10     | Reached skill level 12 in Fighting
 10403 | D:10     | Found a glowing golden altar of the Shining One.
 10496 | D:10     | Noticed a centaur warrior
 10497 | D:10     | Noticed an eight-headed hydra
 10500 | D:10     | Noticed a two-headed ogre
 10640 | D:10     | Reached skill level 10 in Armour
 10904 | Lair:1   | Entered Level 1 of the Lair of Beasts
 10937 | Lair:1   | Reached skill level 10 in Shields
 11628 | Lair:2   | You fall through a shaft!
 11710 | Lair:3   | Found an opulent altar of Gozag.
 11899 | Lair:2   | Reached XP level 13. HP: 76/87 MP: 13/13
 12151 | Lair:2   | Reached skill level 1 in Dodging
 12883 | Lair:3   | Found a hole to the Spider Nest.
 13398 | Lair:4   | Reached skill level 13 in Fighting
 13421 | Lair:4   | HP: 1/88 [15-headed hydra (6)]
 13421 | Lair:4   | Slain by a 15-headed hydra

Skill      XL: |  1  2  3  4  5  6  7  8  9 10 11 12 13 |
---------------+----------------------------------------+-----
Fighting       | 4 5 6 7 8 9 10 11 12 13 | 13.0
Axes           | 2 4 5 6 8 10 11 | 11.8
Shields        | 4 5 7 8 9 10 11 | 11.1
Armour         | 4 5 7 8 9 10 11 | 11.1
Dodging        | 2 |  2.1

Action                   |  1- 3 |  4- 6 |  7- 9 | 10-12 | 13-15 || total
-------------------------+-------+-------+-------+-------+-------++-------
Melee: War axe           |    97 |   178 |    79 |   499 |   140 ||   993
       Quarterstaff      |       |       |    73 |       |       ||    73
       Whip              |       |       |   172 |     7 |       ||   179
Evoke: Wand              |       |       |     5 |     1 |     7 ||    13
  Use: Scroll            |     4 |     7 |     2 |    18 |     3 ||    34
       Potion            |     2 |     2 |     4 |     5 |     1 ||    14
 Stab: Distracted        |       |       |       |     1 |       ||     1
  Eat: Chunk             |       |     2 |     4 |     3 |     1 ||    10
       Ration            |       |     1 |     4 |     7 |     1 ||    13
Armor: Scale mail        |    65 |     4 |       |       |       ||    69
       Chain mail        |       |   138 |   149 |       |       ||   287
       Plate armour      |       |       |    82 |   238 |       ||   320
       Skin              |       |       |       |    18 |       ||    18
       Troll leather arm |       |       |       |    57 |       ||    57
       Fire dragon scale |       |       |       |     8 |   106 ||   114
Dodge: Dodged            |    36 |    73 |    97 |   111 |    56 ||   373
Block: Shield            |    52 |   122 |   192 |   394 |   116 ||   876
       Reflection        |       |       |     5 |     8 |       ||    13
       Other             |       |       |     7 |       |       ||     7
